[Event "Titled Tuesday Blitz January 03 Late 2023"]
[White "Dardha, Daniel"]
[Black "Vachier-Lagrave, Maxime"]
[WhiteFideId "240990"]
[BlackFideId "623539"]
[WhiteElo "2631"]
[BlackElo "2742"]
[Result "1/2-1/2"]
[Round "07"]
[TimeControl "180+2"]
[Date "2023.01.03"]
[WhiteClock "0:00:06"]
[BlackClock "0:00:25"]

1. d4 Nf6 2. Bg5 d5 3. e3 c5 4. Bxf6 gxf6 5. dxc5 e5 6. Nc3 Be6 7. Bb5+ Nc6 8. b4 a5 9. a3 Be7 10. Nf3 O-O 11. Rb1 axb4 12. axb4 Ra3 13. Ne2 Na7 14. Bd3 e4 15. Nfd4 exd3 16. cxd3 Nc6 17. O-O Qd7 18. Nxe6 fxe6 19. d4 Rfa8 20. Nf4 Nd8 21. Qg4+ Kh8 22. b5 Bf8 23. Qh3 Qf7 24. Rfc1 e5 25. Ne2 Ne6 26. dxe5 fxe5 27. c6 bxc6 28. bxc6 Bd6 29. Nc3 Nc7 30. Qd7 Rf8 31. Qxf7 Rxf7 32. Nb5 Nxb5 33. Rxb5 d4 34. exd4 exd4 35. Rd5 Bf4 36. Rd1 Rc3 37. R5xd4 Rxc6 38. Rd8+ Kg7 39. R8d7 Rc2 40. Rxf7+ Kxf7 41. g3 Bc7 42. Rd3 Bb6 43. Rf3+ Ke6 44. Kg2 Bd4 45. Rf4 Ke5 46. Rf7 h6 47. h4 h5 48. Rf4 Ra2 49. Rf3 Ke4 50. Rf4+ Kd3 51. Rf5 Rb2 52. Rf8 Ke2 53. Re8+ Kd1 54. Rf8 Ke1 55. Re8+ Kd1 56. Rf8 Re2 57. Rf4 Ba7 58. Kf1 Rd2 59. Rf7 Bd4 60. Rf4 Kc2 61. Rf5 Kd3 62. Rf4 Be5 63. Rf5 Ke4 64. Rf7 Rd6 65. Kg2 Bf6 66. Rh7 Rd5 67. Rf7 Kf5 68. Rf8 Rd2 69. Rf7 Kg6 70. Rf8 Rc2 71. Kf3 Be7 72. Rf4 Bd6 73. Re4 Kf5 74. Re2 Rc3+ 75. Kg2 Bc5 76. Rd2 Ke4 77. Re2+ Kd3 78. Re5 Bd4 79. Rxh5 Ke4 80. Rg5 Rc2 81. Rg4+ Kd5 82. Rf4 Be5 83. Rf5 Ke6 84. Rf8 Bd6 85. Rf3 Ke5 86. h5 Ke6 87. h6 Rc7 88. g4 Rh7 89. Rh3 Kf6 90. Rh5 Kg6 91. Kf3 Bf8 92. Kg3 Bxh6 93. f4 Rc7 94. f5+ Kg7 95. g5 Bxg5 96. Rxg5+ Kf6 97. Rh5 Rc3+ 98. Kg4 Rc4+ 99. Kh3 Rc3+ 100. Kg4 Rc4+ 101. Kh3 Rc3+ 102. Kg4 1/2-1/2


[Site "https://www.chess.com"]

[Event "Titled Tuesday Blitz January 03 Late 2023"]
[White "Caruana, Fabiano"]
[Black "Zierk, Steven"]
[WhiteFideId "2020009"]
[BlackFideId "2034255"]
[WhiteElo "2764"]
[BlackElo "2488"]
[Result "0-1"]
[Round "07"]
[TimeControl "180+2"]
[Date "2023.01.03"]
[WhiteClock "0:00:06"]
[BlackClock "0:00:11"]

1. c4 e6 2. Nc3 f5 3. g3 Nf6 4. Bg2 d5 5. cxd5 exd5 6. d4 Bd6 7. Bf4 Bxf4 8. gxf4 c6 9. Nf3 O-O 10. e3 a5 11. Ne5 Ne4 12. O-O Nd7 13. f3 Nd6 14. Rf2 Nxe5 15. dxe5 Nc4 16. Qd4 Qb6 17. Na4 Qa7 18. Re1 Qxd4 19. exd4 Re8 20. Bf1 Be6 21. Nc5 b6 22. Nxe6 Rxe6 23. Rc2 b5 24. a4 bxa4 25. Bxc4 dxc4 26. Rxc4 Rb8 27. Re2 Rb4 28. Rec2 Re8 29. Kf2 Reb8 30. Rxc6 Rxb2 31. Rxb2 Rxb2+ 32. Ke3 Rb3+ 33. Ke2 a3 34. Rc5 Rb2+ 35. Kd3 Rb3+ 36. Ke2 Rb2+ 37. Ke3 Rb3+ 38. Kf2 Rb2+ 39. Kg3 a2 40. Rxa5 Rd2 41. Ra8+ Kf7 42. Ra7+ Ke6 43. h4 h5 44. Ra6+ Ke7 45. Ra7+ Ke6 46. Ra5 g6 47. Ra6+ Kd5 48. Ra4 Re2 49. Kh3 Rf2 50. Kg3 Re2 51. Ra8 Kxd4 52. e6 Kc3 53. e7 Kb2 54. Rb8+ Kc1 55. Ra8 Kb1 56. Rb8+ Kc1 57. e8=Q Rxe8 58. Rxe8 a1=Q 59. Re1+ Kb2 60. Rxa1 Kxa1 61. Kf2 Kb2 62. Ke3 Kc3 63. Ke2 Kc2 64. Ke3 Kd1 65. Kd3 Ke1 66. Ke3 Kf1 67. Kd4 Kf2 68. Ke5 Kxf3 69. Kf6 Kxf4 70. Kxg6 Kg4 0-1


[Site "https://www.chess.com"]

[Event "Titled Tuesday Blitz January 03 Late 2023"]
[White "Keymer, Vincent"]
[Black "Zhigalko, Sergei"]
[WhiteFideId "12940690"]
[BlackFideId "13502956"]
[WhiteElo "2700"]
[BlackElo "2572"]
[Result "1-0"]
[Round "07"]
[TimeControl "180+2"]
[Date "2023.01.03"]
[WhiteClock "0:00:29"]
[BlackClock "0:00:01"]

1. c4 e5 2. d3 Nf6 3. Nf3 Nc6 4. a3 g6 5. g3 Bg7 6. Bg2 O-O 7. O-O d5 8. cxd5 Nxd5 9. Nc3 Nb6 10. Bg5 f6 11. Be3 Be6 12. Rc1 Kh8 13. Ne4 Nd5 14. Nc5 Bc8 15. Bd2 b6 16. Ne4 Bb7 17. h4 a5 18. h5 g5 19. Qa4 Nce7 20. d4 exd4 21. Nxd4 Qe8 22. Qxe8 Rfxe8 23. Ne6 Rac8 24. h6 Bxh6 25. Nxf6 Bg7 26. Nxe8 Rxe8 27. Nxc7 Nxc7 28. Bxb7 Ne6 29. Bc3 Nc5 30. Bf3 Ng6 31. Bh5 Ne4 32. Bxg7+ Kxg7 33. Rc6 b5 34. Rd1 Re5 35. Bxg6 hxg6 36. Kg2 g4 37. f3 gxf3+ 38. exf3 Nf6 39. Rd2 Nd5 40. Kf2 Nf6 41. Rdd6 Rf5 42. Ke3 Re5+ 43. Kd4 Rf5 44. f4 Kf7 45. Ke3 Nd5+ 46. Ke4 Nf6+ 47. Kf3 Nd7 48. Rxd7+ 1-0


[Site "https://www.chess.com"]

[Event "Titled Tuesday Blitz January 03 Late 2023"]
[White "Nakamura, Hikaru"]
[Black "Kravtsiv, Martyn"]
[WhiteFideId "2016192"]
[BlackFideId "14113147"]
[WhiteElo "2775"]
[BlackElo "2598"]
[Result "1/2-1/2"]
[Round "07"]
[TimeControl "180+2"]
[Date "2023.01.03"]
[WhiteClock "0:00:04"]
[BlackClock "0:00:07"]

1. Nf3 d5 2. g3 Nf6 3. Bg2 e6 4. d3 Be7 5. Nbd2 O-O 6. e4 dxe4 7. dxe4 Nc6 8. a3 e5 9. b4 a5 10. b5 Nd4 11. Rb1 Bg4 12. h3 Nxf3+ 13. Bxf3 Bxf3 14. Qxf3 Qd7 15. Kf1 Qe6 16. Qb3 Qxb3 17. Rxb3 a4 18. Rb1 Nd7 19. Ke2 Nb6 20. Nf3 f6 21. Rd1 Rfd8 22. Rd3 Kf7 23. Rc3 Rd7 24. Be3 Nc8 25. Nd2 Nd6 26. Bc5 Rad8 27. Bxd6 Bxd6 28. Nf1 Be7 29. f3 b6 30. Rc4 Bxa3 31. Rxa4 Bc5 32. Raa1 Ke6 33. Rb3 g6 34. g4 Rd4 35. Rd3 Rxd3 36. cxd3 Kd6 37. Nd2 Ke6 38. Nb3 Bd6 39. Nd2 Rh8 40. Nb3 h5 41. Rh1 hxg4 42. fxg4 f5 43. exf5+ gxf5 44. gxf5+ Kxf5 45. h4 Kg4 46. Rg1+ Kf5 47. Rh1 Kg4 48. Rg1+ Kf5 49. Rf1+ Kg6 50. Rg1+ Kf5 1/2-1/2


[Site "https://www.chess.com"]

[Event "Titled Tuesday Blitz January 03 Late 2023"]
[White "Deac, Bogdan-Daniel"]
[Black "Kobalia, Mikhail"]
[WhiteFideId "1226380"]
[BlackFideId "4119150"]
[WhiteElo "2700"]
[BlackElo "2578"]
[Result "0-1"]
[Round "07"]
[TimeControl "180+2"]
[Date "2023.01.03"]
[WhiteClock "0:01:01"]
[BlackClock "0:00:16"]

1. e4 c5 2. Nf3 e6 3. g3 Nc6 4. Bg2 Nf6 5. Qe2 e5 6. Nc3 Be7 7. Nd5 O-O 8. c3 d6 9. Nxe7+ Qxe7 10. d3 h6 11. Nd2 Rd8 12. f4 d5 13. O-O dxe4 14. dxe4 b6 15. h3 a5 16. Qf2 a4 17. a3 Ba6 18. Re1 Rd7 19. f5 Rad8 20. g4 Na5 21. Bf3 Rd6 22. Nf1 Nb3 23. Ra2 Bxf1 24. Qxf1 Rd3 25. Be3 b5 26. Qe2 c4 27. Qf2 Nd7 28. h4 Ndc5 29. g5 hxg5 30. hxg5 Rxe3 31. Qxe3 Rd3 32. f6 gxf6 33. Qf2 fxg5 34. Bh5 Ne6 35. Be2 Nf4 36. Bf1 Qe6 37. Re3 Qg4+ 38. Kh1 Rd2 39. Qg3 Qh5+ 40. Kg1 Nc1 41. Qe1 Qh2# 0-1


[Site "https://www.chess.com"]

[Event "Titled Tuesday Blitz January 03 Late 2023"]
[White "Xiong, Jeffery"]
[Black "Yuan, Qingyu"]
[WhiteFideId "2047640"]
[BlackFideId "8609772"]
[WhiteElo "2692"]
[BlackElo "2373"]
[Result "1-0"]
[Round "07"]
[TimeControl "180+2"]
[Date "2023.01.03"]
[WhiteClock "0:01:06"]
[BlackClock "0:00:02"]

1. d4 d5 2. Nf3 Nf6 3. Bf4 c5 4. e3 Nc6 5. Nbd2 cxd4 6. exd4 Bg4 7. c3 e6 8. Qb3 Qc8 9. h3 Bxf3 10. Nxf3 Be7 11. Bd3 O-O 12. O-O a6 13. a4 Na5 14. Qc2 Nc4 15. Ne5 g6 16. Bxc4 dxc4 17. a5 Nd5 18. Bh6 Rd8 19. Qe2 b5 20. axb6 Nxb6 21. Qf3 f6 22. Nc6 Re8 23. Nxe7+ Rxe7 24. Qxf6 Nd5 25. Qe5 Qc7 26. Qe2 Qc6 27. Ra5 Nb6 28. Rfa1 Qb7 29. Re5 Rae8 30. Rea5 Ra8 31. Re5 Rae8 32. Bg5 Rf7 33. Rxe6 Ref8 34. f3 Nd5 35. Raxa6 Qb3 36. Kh2 Qb8+ 37. Qe5 Qxe5+ 38. Rxe5 Rf5 39. Rxf5 Rxf5 40. h4 Rf8 41. Rc6 Rb8 42. Bc1 Re8 43. Rxc4 Re1 44. Bh6 Re2 45. Rc5 Nf6 46. b4 Kf7 47. b5 Ng8 48. Bg5 h6 49. Rc7+ Ke6 50. Rg7 hxg5 51. Rxg8 gxh4 52. Rxg6+ Kd5 53. Rg5+ Kc4 54. Rc5+ Kd3 55. Kh3 Kd2 56. b6 Ke1 57. Re5 1-0


[Site "https://www.chess.com"]

[Event "Titled Tuesday Blitz January 03 Late 2023"]
[White "Jobava, Baadur"]
[Black "Yanchenko, Roman"]
[WhiteFideId "13601520"]
[BlackFideId "4137329"]
[WhiteElo "2578"]
[BlackElo "2466"]
[Result "0-1"]
[Round "07"]
[TimeControl "180+2"]
[Date "2023.01.03"]
[WhiteClock "0:00:02"]
[BlackClock "0:00:16"]

1. d4 d5 2. c4 c6 3. Nf3 Nf6 4. Nc3 g6 5. cxd5 cxd5 6. Bf4 Bg7 7. e3 O-O 8. h3 Nc6 9. Bd3 a6 10. O-O Bf5 11. Rc1 Bxd3 12. Qxd3 e6 13. Ne5 Nxe5 14. Bxe5 Qd7 15. Rc2 Rfc8 16. Rfc1 b5 17. Ne2 Ne4 18. Bxg7 Kxg7 19. Nf4 Nd6 20. b3 Rxc2 21. Rxc2 Rc8 22. Kf1 Rc6 23. Ke1 Qc7 24. Kd1 Ne4 25. f3 Nc3+ 26. Ke1 b4 27. h4 h6 28. Kf1 Nb5 29. Rxc6 Qxc6 30. Qd2 Qc3 31. Ke2 a5 32. Qxc3 Nxc3+ 33. Kd2 Nxa2 34. Nd3 Nc3 35. Nc5 g5 36. h5 Kf6 37. Kd3 g4 38. f4 Kf5 39. Nb7 a4 40. Nd6+ Kf6 41. bxa4 Nxa4 42. g3 Nc3 43. Ne8+ Ke7 44. Nc7 Ne4 45. Na6 b3 46. Nb4 f5 47. Nc6+ Kf6 48. Ne5 Nxg3 49. Nd7+ Ke7 50. Nc5 Ne4 51. Nxb3 g3 52. Nc1 g2 53. Ne2 Ng3 54. Ng1 Nxh5 55. Ke2 Nf6 56. Kf3 Ng4 57. Ne2 h5 58. Kxg2 Nxe3+ 59. Kg3 Kf6 60. Kh4 Kg6 61. Kg3 Nc2 62. Kh4 Ne1 63. Kg3 Nd3 64. Ng1 h4+ 65. Kxh4 Nxf4 66. Nf3 Kf6 67. Kg3 Ng6 68. Nd2 Ne7 69. Nf3 Nc6 70. Kf4 Nxd4 0-1


[Site "https://www.chess.com"]

[Event "Titled Tuesday Blitz January 03 Late 2023"]
[White "Kuznetsov, Felix"]
[Black "Tari, Aryan"]
[WhiteFideId "34147990"]
[BlackFideId "1510045"]
[WhiteElo "2254"]
[BlackElo "2642"]
[Result "1-0"]
[Round "07"]
[TimeControl "180+2"]
[Date "2023.01.03"]
[WhiteClock "0:00:33"]
[BlackClock "0:01:08"]

1. e4 c6 2. d4 d5 3. exd5 cxd5 4. Bd3 Nf6 5. c3 Bg4 6. Qb3 Qc7 7. f3 Bd7 8. Ne2 e6 9. Bf4 Qc8 10. Nd2 Be7 11. Rc1 O-O 12. O-O Nc6 13. Rfe1 a6 14. Ng3 Re8 15. Qd1 b5 16. Qe2 Qb7 17. b4 Bd8 18. Nb3 Bb6 19. Nc5 Bxc5 20. bxc5 Na5 21. Be5 Bc6 22. Bxf6 gxf6 23. Nh5 Qe7 24. Qe3 Qf8 25. Nxf6+ Kh8 26. Qe5 Rec8 27. Nxh7+ Qg7 28. Qh5 Kg8 29. Re5 f6 30. Rxe6 Be8 31. Qh4 Rc6 32. Nxf6+ Kf8 33. Rxe8+ Rxe8 34. Nxe8 Kxe8 35. Re1+ Kd7 36. Bf5+ 1-0


[Site "https://www.chess.com"]

[Event "Titled Tuesday Blitz January 03 Late 2023"]
[White "Fernandez Guillen, Ernesto J."]
[Black "Jacobson, Brandon"]
[WhiteFideId "3512428"]
[BlackFideId "30901561"]
[WhiteElo "2477"]
[BlackElo "2556"]
[Result "0-1"]
[Round "07"]
[TimeControl "180+2"]
[Date "2023.01.03"]
[WhiteClock "0:00:12"]
[BlackClock "0:00:10"]

1. e4 c5 2. Nf3 d6 3. d4 cxd4 4. Nxd4 Nf6 5. Nc3 Nc6 6. Bc4 Qb6 7. Ndb5 a6 8. Be3 Qa5 9. Nd4 e6 10. Nb3 Qc7 11. Bd3 Be7 12. f4 b5 13. a3 Bb7 14. g4 d5 15. exd5 Nxd5 16. Nxd5 exd5 17. Qd2 d4 18. Bf2 Ne5 19. fxe5 Bxh1 20. Bxd4 Bh4+ 21. Kf1 Bd5 22. Qf4 Bxb3 23. cxb3 Rd8 24. Rd1 Qe7 25. b4 O-O 26. Bc5 Qb7 27. Bxf8 Qh1+ 28. Ke2 Qg2+ 29. Ke3 Rxf8 30. Be4 Qh3+ 31. Bf3 Be7 32. Qg3 Qh6+ 33. Ke2 Qg6 34. Rd2 h6 35. h4 Qb1 36. g5 hxg5 37. hxg5 Qg6 38. Rd4 Bxg5 39. Rg4 Qc2+ 40. Kf1 Bh6 41. Be4 Qxb2 42. Qh3 Rc8 43. Rxg7+ Kxg7 44. Qg4+ Bg5 45. Qxg5+ Kf8 46. Qh6+ Ke8 47. Bc6+ Rxc6 48. Qxc6+ Kf8 49. Qxa6 Qc1+ 50. Ke2 Qb2+ 51. Kd3 Qxe5 52. Qc8+ Kg7 53. Qg4+ Kf6 54. Qh4+ Ke6 55. Qh6+ f6 56. Qf8 Qd5+ 57. Ke3 Qe5+ 58. Kd3 Qd6+ 59. Qxd6+ Kxd6 60. Kd4 f5 61. Ke3 Ke5 62. Kf3 f4 63. Kf2 Kd4 64. Kf3 Kc3 65. Kxf4 Kb3 66. Ke3 Kxa3 67. Kd3 Kxb4 68. Kc2 Ka3 69. Kb1 Kb3 70. Ka1 Kc2 71. Ka2 b4 72. Ka1 Kb3 73. Kb1 Ka3 74. Ka1 b3 75. Kb1 b2 76. Kc2 Ka2 0-1


[Site "https://www.chess.com"]

[Event "Titled Tuesday Blitz January 03 Late 2023"]
[White "Lenderman, Aleksandr"]
[Black "Salimova, Nurgyul"]
[WhiteFideId "2021285"]
[BlackFideId "2915138"]
[WhiteElo "2572"]
[BlackElo "2391"]
[Result "1-0"]
[Round "07"]
[TimeControl "180+2"]
[Date "2023.01.03"]
[WhiteClock "0:01:03"]
[BlackClock "0:00:04"]

1. Nf3 d5 2. e3 Nf6 3. c4 c6 4. Nc3 g6 5. d4 Bg7 6. Be2 O-O 7. O-O Bg4 8. cxd5 Nxd5 9. Qb3 Nb6 10. Rd1 N8d7 11. e4 Qc7 12. Be3 Rad8 13. Rac1 Qb8 14. a4 Nc8 15. h3 Bxf3 16. Bxf3 Nd6 17. Be2 e5 18. d5 c5 19. a5 f5 20. f3 Rc8 21. Nb5 b6 22. Nxd6 Qxd6 23. Bb5 Nf6 24. axb6 axb6 25. Bd3 f4 26. Bf2 g5 27. Ra1 h5 28. Ra6 Rb8 29. Kf1 g4 30. hxg4 hxg4 31. Ke2 Ne8 32. Qb5 Nc7 33. Qc6 Qxc6 34. dxc6 Nxa6 35. Bxa6 Rf7 36. Bh4 Rc7 37. Bb5 Ra8 38. Rd7 Rcc8 39. fxg4 Bf8 40. Bc4+ Kh8 41. Bf6+ Bg7 42. Rxg7 1-0


[Site "https://www.chess.com"]

[Event "Titled Tuesday Blitz January 03 Late 2023"]
[White "Zakhartsov, Vladimir"]
[Black "Kuzmicz, Krystian"]
[WhiteFideId "4145097"]
[BlackFideId "1119125"]
[WhiteElo "2552"]
[BlackElo "2466"]
[Result "1/2-1/2"]
[Round "07"]
[TimeControl "180+2"]
[Date "2023.01.03"]
[WhiteClock "0:00:35"]
[BlackClock "0:00:48"]

1. c4 g6 2. Nc3 Bg7 3. g3 e5 4. Bg2 d6 5. Nf3 f5 6. O-O Nf6 7. d3 O-O 8. Bg5 h6 9. Bxf6 Qxf6 10. Nd2 Nc6 11. Rb1 g5 12. b4 f4 13. Nd5 Qf7 14. e3 Bf5 15. b5 Nd8 16. Be4 Bh3 17. Bg2 Bf5 18. Ne4 Ne6 19. a4 Rae8 20. a5 g4 21. f3 h5 22. fxg4 Bxg4 23. Bf3 Qg6 24. Bxg4 hxg4 25. exf4 exf4 26. Nxf4 Nxf4 27. gxf4 Bd4+ 28. Kg2 Rxe4 29. dxe4 Qxe4+ 30. Kg3 Qe3+ 31. Kg2 Qe4+ 32. Kg3 Qe3+ 33. Kg2 Qe4+ 1/2-1/2


[Site "https://www.chess.com"]

[Event "Titled Tuesday Blitz January 03 Late 2023"]
[White "Morefield, Jason"]
[Black "Holt, Conrad"]
[WhiteFideId "30920825"]
[BlackFideId "2034387"]
[WhiteElo "2167"]
[BlackElo "2540"]
[Result "0-1"]
[Round "07"]
[TimeControl "180+2"]
[Date "2023.01.03"]
[WhiteClock "0:00:02"]
[BlackClock "0:00:18"]

1. e4 e6 2. d4 d5 3. Nc3 Nf6 4. e5 Nfd7 5. f4 c5 6. Nf3 Nc6 7. Be3 cxd4 8. Nxd4 Bc5 9. Qd2 O-O 10. O-O-O a6 11. h4 Nxd4 12. Bxd4 b5 13. h5 b4 14. Ne2 a5 15. Qe3 Qb6 16. Bxc5 Nxc5 17. Nd4 a4 18. Bd3 b3 19. cxb3 axb3 20. a3 Ra4 21. Kb1 Ba6 22. Bxa6 Qxa6 23. h6 g6 24. Nf3 Ne4 25. Rc1 Rb8 26. Rc7 Rxa3 27. bxa3 Qxa3 28. Ra7 Nc3+ 29. Qxc3 Qxa7 30. Qb2 Qe3 31. Qd2 Qa7 32. Rc1 b2 33. Qxb2 Rxb2+ 34. Kxb2 Qb6+ 35. Ka2 Qa6+ 36. Kb2 Kf8 37. Rc2 Qb5+ 38. Kc1 Qf1+ 39. Kb2 Qb5+ 40. Kc1 Ke7 41. Ng5 Qf1+ 42. Kb2 Qxf4 43. Nxh7 Qxe5+ 44. Kc1 d4 45. Rc8 Qe3+ 46. Kc2 Qxh6 0-1


[Site "https://www.chess.com"]

[Event "Titled Tuesday Blitz January 03 Late 2023"]
[White "Domingo Nunez, Alejandro"]
[Black "Abdisalimov, Abdimalik"]
[WhiteFideId "22245561"]
[BlackFideId "14206323"]
[WhiteElo "2338"]
[BlackElo "2492"]
[Result "1-0"]
[Round "07"]
[TimeControl "180+2"]
[Date "2023.01.03"]
[WhiteClock "0:00:42"]
[BlackClock "0:00:41"]

1. Nf3 c5 2. g3 g6 3. Bg2 Bg7 4. O-O Nc6 5. c3 e5 6. e4 Nge7 7. Na3 O-O 8. Nc2 d5 9. exd5 Nxd5 10. Re1 c4 11. d4 cxd3 12. Qxd3 Bf5 13. Qe2 Re8 14. Nh4 Be6 15. Rd1 Qa5 16. Bd2 Qb6 17. c4 Nde7 18. b4 Qc7 19. Rac1 Rad8 20. Be3 Nd4 21. Nxd4 exd4 22. Bf4 Qd7 23. Qf3 Bg4 24. Qxb7 Qxb7 25. Bxb7 Bxd1 26. Rxd1 g5 27. Bxg5 Rb8 28. Ba6 Rxb4 29. Re1 f6 30. Bf4 Kf7 31. Bb5 Bf8 32. Bxe8+ Kxe8 33. Bd6 Rxc4 34. Nf5 d3 35. Bxe7 d2 36. Bb4+ 1-0


[Site "https://www.chess.com"]

[Event "Titled Tuesday Blitz January 03 Late 2023"]
[White "Naroditsky, Daniel"]
[Black "Indjic, Aleksandar"]
[WhiteFideId "2026961"]
[BlackFideId "911925"]
[WhiteElo "2618"]
[BlackElo "2618"]
[Result "1-0"]
[Round "07"]
[TimeControl "180+2"]
[Date "2023.01.03"]
[WhiteClock "0:01:14"]
[BlackClock "0:00:12"]

1. e4 c5 2. Nf3 d6 3. Bb5+ Nd7 4. O-O a6 5. Bd3 e6 6. Re1 g5 7. Rf1 g4 8. Ne1 h5 9. f4 b5 10. c4 Bb7 11. cxb5 axb5 12. Bxb5 Bxe4 13. Nc3 Bb7 14. d4 cxd4 15. Qxd4 Nf6 16. Nd3 Be7 17. a4 Kf8 18. Be3 h4 19. a5 h3 20. g3 Rh5 21. a6 Be4 22. Bxd7 Bxd3 23. Qxd3 Qxd7 24. b4 Qc6 25. Rf2 Nd7 26. b5 Qc7 27. Rc1 Qa5 28. Rfc2 Nc5 29. Qe2 Bf6 30. Qxg4 Rh7 31. Qe2 Kg7 32. Qc4 Rh5 33. Rb1 Rc8 34. g4 Rh4 35. g5 Rg4+ 36. Kf1 Be5 37. b6 d5 38. Qb5 Bxc3 39. Qxa5 Bxa5 40. b7 Nxb7 41. Rxc8 1-0


[Site "https://www.chess.com"]

[Event "Titled Tuesday Blitz January 03 Late 2023"]
[White "Martinez Alcantara, Jose Eduardo"]
[Black "Mardov, Dimitar"]
[WhiteFideId "3805662"]
[BlackFideId "30919495"]
[WhiteElo "2619"]
[BlackElo "2456"]
[Result "1-0"]
[Round "07"]
[TimeControl "180+2"]
[Date "2023.01.03"]
[WhiteClock "0:00:59"]
[BlackClock "0:00:07"]

1. e4 e5 2. Nf3 Nc6 3. Bb5 g6 4. c3 Bg7 5. d4 exd4 6. cxd4 a6 7. Be2 d6 8. h3 Nf6 9. Nc3 O-O 10. O-O Re8 11. Bd3 b5 12. a3 Bb7 13. Re1 Na5 14. Bg5 h6 15. Bh4 g5 16. Bg3 c5 17. d5 Rc8 18. Nd2 Nd7 19. Bxd6 Ne5 20. Bxe5 Bxe5 21. Nf3 Bg7 22. e5 b4 23. axb4 cxb4 24. Ne4 Bxe5 25. Nxe5 Rxe5 26. Rxa5 Rxe4 27. Bxe4 Qxa5 28. Qd4 b3 29. Re3 Rc1+ 30. Kh2 Qa1 31. Qf6 Rh1+ 32. Kg3 Qc1 33. Bh7+ Kf8 34. Qh8# 1-0


[Site "https://www.chess.com"]

[Event "Titled Tuesday Blitz January 03 Late 2023"]
[White "Bluebaum, Matthias"]
[Black "Mahdavi, Reza"]
[WhiteFideId "24651516"]
[BlackFideId "12595926"]
[WhiteElo "2669"]
[BlackElo "2339"]
[Result "1-0"]
[Round "07"]
[TimeControl "180+2"]
[Date "2023.01.03"]
[WhiteClock "0:00:21"]
[BlackClock "0:00:06"]

1. d4 Nf6 2. c4 g6 3. Nc3 Bg7 4. e4 d6 5. Nf3 O-O 6. Be2 e5 7. Be3 Nc6 8. d5 Ne7 9. Nd2 Nd7 10. b4 f5 11. f3 h6 12. c5 Rf7 13. Nc4 Nf6 14. cxd6 cxd6 15. Nb5 Ne8 16. Nxa7 Bd7 17. a4 fxe4 18. fxe4 Nc8 19. Nxc8 Qh4+ 20. Kd2 Rxc8 21. Nb6 Qxe4 22. Qb1 Qxg2 23. Rg1 Qh3 24. Qxg6 Bf5 25. Qg3 Rc2+ 26. Kd1 Rc3 27. Qxh3 Bxh3 28. Kd2 Rb3 29. Rgb1 Rxb1 30. Rxb1 Nf6 31. Rg1 Ne4+ 32. Kc2 Bf5 33. Kb2 Kh8 34. a5 Nf6 35. b5 Be4 36. Bc4 h5 37. a6 bxa6 38. bxa6 Ng4 39. Rxg4 hxg4 40. Nc8 Rc7 41. Nxd6 Rxc4 42. Nxc4 Bxd5 43. Nb6 Bc6 44. Kc3 Kh7 45. a7 Kg6 46. a8=Q Bxa8 47. Nxa8 Kf5 48. Kd2 e4 49. Bf2 Kf4 50. Ke2 g3 51. Bxg3+ Kg4 52. Nb6 Bd4 53. Nd5 Bg1 54. Kf1 Bc5 55. Kg2 e3 56. h3+ Kf5 57. Kf3 e2 58. Kxe2 Ke4 59. Nc3+ Kf5 60. Kf3 Kg6 61. Kg4 Bd4 62. Ne4 Bg7 63. h4 Ba1 64. h5+ Kh7 65. Bh4 Bb2 66. Ng5+ Kg8 67. Kf5 Bg7 68. Kg6 Bc3 69. h6 Bb2 70. h7+ Kh8 71. Nf7# 1-0


[Site "https://www.chess.com"]

[Event "Titled Tuesday Blitz January 03 Late 2023"]
[White "Boros, Denes"]
[Black "Chigaev, Maksim"]
[WhiteFideId "722340"]
[BlackFideId "4108116"]
[WhiteElo "2406"]
[BlackElo "2628"]
[Result "0-1"]
[Round "07"]
[TimeControl "180+2"]
[Date "2023.01.03"]
[WhiteClock "0:00:11"]
[BlackClock "0:00:12"]

1. e4 e6 2. Qe2 c5 3. Nf3 Nc6 4. g3 e5 5. Bg2 Nf6 6. c3 Be7 7. O-O O-O 8. Na3 Re8 9. d3 h6 10. Nc4 Bf8 11. a4 Rb8 12. a5 d6 13. h3 Be6 14. Nfd2 d5 15. exd5 Bxd5 16. Ne4 Nxe4 17. Bxe4 Qd7 18. Qh5 Rbd8 19. Be3 g6 20. Qh4 h5 21. Bg5 Be7 22. Rae1 Bxg5 23. Qxg5 Qe7 24. Qh6 Qe6 25. Ne3 Bxe4 26. dxe4 Ne7 27. Kg2 Qf6 28. Rd1 Qg7 29. Qxg7+ Kxg7 30. Nc4 Nc6 31. Rd5 Rxd5 32. exd5 Ne7 33. Rd1 f6 34. Nd6 Rb8 35. Nb5 a6 36. Na3 Rd8 37. c4 Nf5 38. Nc2 Nd6 39. b3 f5 40. f4 Kf6 41. Kf3 Re8 42. Ne3 g5 43. Rg1 g4+ 44. hxg4 hxg4+ 45. Ke2 exf4 46. gxf4 Re4 47. Rf1 Rd4 48. Rh1 Kg6 49. Rh8 Rxf4 50. Rd8 Ne4 51. d6 Rf2+ 52. Ke1 Rd2 53. Rg8+ Kf7 54. Rb8 Rxd6 55. Nxf5 Rd7 56. Nh6+ Kg6 57. Nxg4 Kf5 58. Ne3+ Kf4 59. Nd5+ Ke5 60. Ke2 Kd4 61. Rc8 Nc3+ 62. Nxc3 Kxc3 63. Rxc5 Kxb3 64. Ke3 Kb4 65. Rd5 Rc7 66. Kd4 Rxc4+ 67. Kd3 Rc5 68. Rd7 Rb5 69. Rc7 Kxa5 70. Kc4 Kb6 71. Rf7 Rc5+ 72. Kb4 a5+ 73. Ka4 Rc4+ 74. Kb3 Rh4 75. Rf6+ Kb5 76. Rf4 Rxf4 0-1


[Site "https://www.chess.com"]

[Event "Titled Tuesday Blitz January 03 Late 2023"]
[White "Oparin, Grigoriy"]
[Black "Rustemov, Alexander"]
[WhiteFideId "24125890"]
[BlackFideId "4119002"]
[WhiteElo "2667"]
[BlackElo "2525"]
[Result "1-0"]
[Round "07"]
[TimeControl "180+2"]
[Date "2023.01.03"]
[WhiteClock "0:00:38"]
[BlackClock "0:01:03"]

1. b3 d5 2. Bb2 Nf6 3. g3 c5 4. Bg2 Nc6 5. Nf3 g6 6. O-O Bg7 7. d4 O-O 8. dxc5 Qa5 9. Nbd2 Qxc5 10. e3 Bf5 11. c4 Bd3 12. Re1 dxc4 13. Nxc4 Rfd8 14. Nd4 Be4 15. Qe2 Bxg2 16. Kxg2 Nxd4 17. Bxd4 Qc6+ 18. Qf3 Qa6 19. Red1 Rac8 20. Rac1 h5 21. h3 b6 22. Ne5 Qxa2 23. Nc6 Rxc6 24. Rxc6 Qxb3 25. Ra1 Rd7 26. g4 hxg4 27. hxg4 Qb5 28. Rc8+ Bf8 29. Rh1 Qg5 30. Qh3 1-0


[Site "https://www.chess.com"]

[Event "Titled Tuesday Blitz January 03 Late 2023"]
[White "Bortnyk, Mykola"]
[Black "Borges Feria, Yasel"]
[WhiteFideId "14120836"]
[BlackFideId "3504921"]
[WhiteElo "2425"]
[BlackElo "2439"]
[Result "0-1"]
[Round "07"]
[TimeControl "180+2"]
[Date "2023.01.03"]
[WhiteClock "0:00:09"]
[BlackClock "0:00:17"]

1. e4 e5 2. Nf3 Nc6 3. Bc4 Bc5 4. b4 Bxb4 5. c3 Ba5 6. O-O d6 7. d4 Bb6 8. dxe5 dxe5 9. Qxd8+ Nxd8 10. Nxe5 Be6 11. a4 f6 12. Bxe6 Nxe6 13. Nc4 Bc5 14. a5 a6 15. Nbd2 O-O-O 16. Nb3 Ba7 17. Be3 Bxe3 18. Nxe3 Ne7 19. c4 Rd3 20. Rfb1 Rhd8 21. Nd5 Nc6 22. h4 Ncd4 23. Nxd4 Rxd4 24. f3 Rxc4 25. Kh2 Rd7 26. Ra2 Rc5 27. Kg3 Nd4 28. h5 h6 29. Rd1 Nc6 30. Rad2 Kd8 31. Nxf6 Rxd2 32. Rxd2+ Kc8 33. Nd5 Rxa5 34. Kf4 b5 35. Rc2 Kb7 36. Rb2 Nd4 37. e5 Ra1 38. Ne3 Re1 39. Ke4 c5 40. f4 Kc6 41. g4 a5 42. f5 b4 43. f6 gxf6 44. exf6 Ne6 45. f7 Ng5+ 46. Kd3 Nxf7 47. Kd2 Rg1 48. Nc4 Rxg4 49. Nxa5+ Kb5 50. Nb3 c4 51. Kc2 cxb3+ 52. Kxb3 Rg3+ 53. Ka2 Rh3 54. Rf2 Nd6 55. Rf6 Rh2+ 56. Kb3 Rh3+ 57. Ka2 Nc4 58. Rf2 b3+ 0-1


[Site "https://www.chess.com"]

[Event "Titled Tuesday Blitz January 03 Late 2023"]
[White "Timmermans, Mark"]
[Black "Terry, Renato"]
[WhiteFideId "1026399"]
[BlackFideId "3803457"]
[WhiteElo "2392"]
[BlackElo "2520"]
[Result "1-0"]
[Round "07"]
[TimeControl "180+2"]
[Date "2023.01.03"]
[WhiteClock "0:00:09"]
[BlackClock "0:00:01"]

1. e4 e6 2. d4 d5 3. Nd2 Be7 4. c3 c5 5. dxc5 Bxc5 6. Ngf3 Qb6 7. Qe2 Nf6 8. exd5 O-O 9. Nc4 Qd8 10. d6 b5 11. Nce5 a6 12. g3 Bb7 13. Bg2 Qxd6 14. O-O Qb6 15. b4 Bd6 16. Be3 Qc7 17. Bd4 Ne4 18. c4 f6 19. Nd3 bxc4 20. Nc5 Bxc5 21. Bxc5 Re8 22. Qxc4 Nd7 23. Rac1 Bd5 24. Qd4 Ndxc5 25. bxc5 Rad8 26. Qb4 Rb8 27. Qa3 Rb5 28. Nd4 Ra5 29. Qe3 f5 30. a3 h6 31. c6 Qd6 32. c7 Rc8 33. Qf4 Qxf4 34. gxf4 Rxa3 35. Rfd1 g6 36. Bxe4 fxe4 37. f5 Rd3 38. Nxe6 Bxe6 39. fxe6 Kf8 40. Rxd3 exd3 41. Rd1 Rxc7 42. Rxd3 Rc6 43. Rh3 h5 44. Ra3 Rxe6 45. h4 Ke7 46. Kg2 Kf6 47. Kg3 Rc6 48. Rf3+ Kg7 49. Rd3 Rd6 50. Rxd6 a5 51. Ra6 1-0


[Site "https://www.chess.com"]